AoeStats
← migueluptown

Black Forest

510020390Analyzed
4v4 RM · 4d ago on Sep 29, 2026· 79m 59s· 8 players
Game mode
Random Map
Map size
Large (8 player)
Population
200
Speed
Normal
Resources
Standard
Victory
Conquest
Starting age
Dark Age
Ending age
Imperial Age
RankedLock teamsTeams togetherTeam positionsShared explorationLock speedFull tech treeHidden civsTurbo modeCheats
Victory
Defeat
🇮🇳 Celts · India
1081
+13
🇨🇳 Jurchens · China
1028
+15
🇨🇦 Mongols · Canada
1015
+16
🇮🇳 Bohemians · India
980
+17
🇵🇪 Saracens · Peru
1190
-22
🇵🇪 Britons · Peru
992
-15
🇵🇪 Spanish · Peru
980
-14
🇵🇪 Persians · Peru
885
-10
thegladiator989
6:46 Loom
11:10 Feudal Age
12:27 Wheelbarrow
15:22 Castle Age
14:06 Double-Bit Axe
14:14 Horse Collar
16:22 Heavy Plow
18:19 Fervor
29:30 Hand Cart
29:54 Caravan
30:24 Gold Mining
30:26 Stone Mining
31:26 Fletching
31:47 Forging
31:37 Padded Archer Armor
31:43 Scale Barding Armor
32:03 Bow Saw
32:31 Gold Shaft Mining
32:32 Stone Shaft Mining
32:41 Town Watch
32:54 Bodkin Arrow
33:35 Iron Casting
34:00 Leather Archer Armor
34:04 Town Patrol
35:16 Chain Barding Armor
38:33 Imperial Age
38:35 Coinage
38:16 Nomads
38:48 Scale Mail Armor
38:49 Sappers
39:40 Conscription
38:43 Elite Mangudai
39:43 Drill
39:59 Hoardings
38:46 Onager
38:50 Capped Ram
40:33 Banking
41:24 Blast Furnace
40:24 Bracer
40:38 Bloodlines
40:29 Husbandry
39:49 Heavy Camel Rider
39:54 Siege Onager
40:05 Siege Ram
41:31 Parthian Tactics
43:49 Masonry
44:00 Ballistics
43:46 Siege Engineers
43:37 Murder Holes
43:19 Heavy Scorpion
54:04 Chain Mail Armor
55:37 Chemistry
56:13 Plate Mail Armor
55:10 Light Cavalry
55:58 Light Cavalry
61:57 Fortified Wall
61:38 Guard Tower
64:33 Herbal Medicine
64:22 Hussar
76:56 Elite Skirmisher
I like sheep
10:15 Loom
12:55 Feudal Age
13:59 Double-Bit Axe
18:03 Castle Age
17:09 Fishing Lines
17:29 Double-Bit Axe
17:42 Horse Collar
19:35 Wheelbarrow
18:54 Town Watch
21:54 Bow Saw
23:48 Wheelbarrow
25:46 Hand Cart
28:54 Imperial Age
29:05 Imperial Age
28:25 Chemistry
28:12 Scale Mail Armor
29:07 Gillnets
29:21 Heavy Plow
28:55 Pikeman
30:13 Chain Mail Armor
31:18 Bombard Tower
32:59 Houfnice
34:37 Plate Mail Armor
34:31 Halberdier
37:27 Squires
38:09 Fletching
44:45 Caravan
49:17 Wagenburg Tactics
49:33 Conscription
51:09 Forging
60:15 Siege Engineers
65:14 Iron Casting
Lala Land
4:47 Loom
13:12 Feudal Age
17:29 Castle Age
15:31 Double-Bit Axe
16:23 Horse Collar
17:40 Stone Mining
21:02 Bow Saw
20:54 Heavy Plow
21:31 Wheelbarrow
22:08 Gold Mining
25:02 Hand Cart
27:28 Gold Shaft Mining
27:30 Stone Shaft Mining
30:40 Imperial Age
28:00 Town Watch
28:32 Caravan
28:35 Scale Mail Armor
30:22 Town Patrol
30:38 Chain Mail Armor
30:34 Forging
30:19 Man-at-Arms
30:46 Arson
30:47 Gambesons
30:26 Pikeman
31:24 Masonry
31:13 Murder Holes
31:39 Ballistics
31:51 Guilds
31:28 Long Swordsman
32:40 Plate Mail Armor
32:45 Iron Casting
32:37 Capped Ram
33:47 Conscription
33:40 Furor Celtica
33:09 Two-Handed Swordsman
33:20 Onager
33:57 Champion
35:39 Blast Furnace
36:29 Hoardings
35:21 Siege Ram
43:07 Siege Engineers
42:54 Halberdier
54:06 Heavy Scorpion
58:10 Chemistry
65:23 Siege Onager
2204528
1:52 Loom
12:14 Feudal Age
18:37 Castle Age
20:36 Double-Bit Axe
20:58 Horse Collar
21:39 Stone Mining
21:40 Gold Mining
21:54 Heavy Plow
22:06 Bow Saw
34:47 Wheelbarrow
38:22 Imperial Age
36:08 Hand Cart
36:44 Fortified Bastions
38:22 Scale Barding Armor
38:27 Forging
39:59 Gold Shaft Mining
40:00 Stone Shaft Mining
41:03 Conscription
42:26 Murder Holes
43:14 Chain Barding Armor
43:30 Iron Casting
42:46 Fletching
43:24 Ballistics
44:04 Chemistry
44:49 Husbandry
44:59 Bloodlines
44:11 Elite Steppe Lancer
45:30 Plate Barding Armor
46:34 Blast Furnace
46:21 Pikeman
47:01 Squires
46:46 Arson
48:21 Crop Rotation
52:39 Halberdier
63:54 Two-Man Saw
74:19 Light Cavalry
PiernasKortas
1:24 Loom
11:09 Feudal Age
12:00 Double-Bit Axe
11:59 Horse Collar
17:31 Castle Age
18:44 Bow Saw
18:37 Heavy Plow
24:11 Wheelbarrow
27:28 Gold Mining
29:23 Caravan
29:54 Coinage
30:01 Padded Archer Armor
29:51 Fletching
31:02 Leather Archer Armor
34:34 Imperial Age
31:50 Town Watch
31:42 Crossbowman
32:19 Bodkin Arrow
35:35 Gold Shaft Mining
34:52 Stone Mining
34:51 Arbalester
36:05 Ring Archer Armor
35:35 Bracer
35:58 Yeomen
35:40 Warwolf
37:29 Two-Man Saw
36:48 Sappers
37:39 Conscription
36:45 Heavy Scorpion
37:25 Elite Longbowman
38:23 Scale Mail Armor
38:34 Forging
38:04 Heavy Scorpion
42:02 Ballistics
42:48 Chemistry
46:21 Banking
46:01 Guilds
45:24 Man-at-Arms
45:51 Gambesons
46:37 Long Swordsman
47:55 Iron Casting
47:35 Chain Mail Armor
47:46 Two-Handed Swordsman
49:50 Blast Furnace
48:42 Champion
49:38 Treadmill Crane
55:59 Squires
55:45 Arson
56:50 Pikeman
61:42 Elite Skirmisher
62:11 Halberdier
migueluptown
6:18 Loom
12:24 Feudal Age
13:05 Double-Bit Axe
18:38 Castle Age
17:43 Fletching
20:38 Bodkin Arrow
24:42 Padded Archer Armor
27:31 Scale Barding Armor
28:12 Wheelbarrow
30:02 Horse Collar
30:27 Caravan
31:34 Chain Barding Armor
31:49 Heavy Plow
34:35 Imperial Age
33:57 Bow Saw
34:06 Hand Cart
34:33 Fortified Wall
34:37 Husbandry
34:57 Cavalier
35:50 Bloodlines
36:06 Stone Mining
36:07 Gold Mining
36:08 Town Watch
37:50 Chemistry
37:02 Bracer
37:38 Plate Barding Armor
37:18 Leather Archer Armor
37:34 Conscription
36:55 Paladin
39:12 Two-Man Saw
39:28 Forging
39:19 Scale Mail Armor
40:19 Ballistics
41:53 Ring Archer Armor
49:00 Iron Casting
48:40 Chain Mail Armor
48:51 Light Cavalry
49:42 Hussar
52:09 Pikeman
52:49 Squires
52:35 Arson
52:36 Gambesons
53:53 Blast Furnace
53:23 Plate Mail Armor
53:01 Halberdier
53:02 Man-at-Arms
57:56 Long Swordsman
60:30 Two-Handed Swordsman
74:47 Champion
Jota
0:27 Loom
12:03 Feudal Age
18:42 Castle Age
17:04 Horse Collar
17:18 Stone Mining
17:20 Double-Bit Axe
18:58 Gold Mining
19:41 Bow Saw
21:27 Heavy Plow
31:16 Imperial Age
29:39 Stone Shaft Mining
29:41 Gold Shaft Mining
30:08 Wheelbarrow
29:56 Town Watch
31:57 Conscription
31:42 Devotion
33:28 Crop Rotation
34:03 Two-Man Saw
32:31 Elite War Elephant
34:06 Forging
34:02 Scale Barding Armor
34:42 Hand Cart
34:53 Caravan
35:04 Guilds
36:42 Iron Casting
36:30 Chain Barding Armor
36:33 Citadels
36:24 Kamandaran
36:13 Crossbowman
37:59 Chemistry
37:20 Ballistics
38:02 Plate Barding Armor
38:30 Blast Furnace
43:52 Fletching
44:05 Padded Archer Armor
44:37 Bodkin Arrow
49:50 Fishing Lines
51:01 Gillnets
54:38 Leather Archer Armor
56:29 Thumb Ring
El Botascha 2.0
0:42 Loom
13:20 Feudal Age
14:00 Double-Bit Axe
20:18 Castle Age
18:41 Fishing Lines
22:10 Gillnets
24:03 Wheelbarrow
25:18 Horse Collar
28:05 Bow Saw
29:14 Town Watch
30:41 Hand Cart
30:49 Gold Mining
30:50 Stone Mining
34:24 Imperial Age
32:36 Fortified Wall
32:22 Murder Holes
32:38 Masonry
33:41 Gold Shaft Mining
33:51 Town Patrol
36:23 Two-Man Saw
35:47 Conscription
34:48 Elite Mameluke
35:57 Forging
35:53 Scale Barding Armor
35:48 Padded Archer Armor
35:39 Fletching
37:01 Chemistry
37:20 Hoardings
37:52 Iron Casting
37:20 Heavy Plow
37:51 Chain Barding Armor
40:07 Blast Furnace
39:10 Bodkin Arrow
39:30 Leather Archer Armor
39:42 Counterweights
42:06 Ring Archer Armor
41:36 Bracer
41:42 Caravan
42:12 Coinage
44:14 Plate Barding Armor
43:40 Scale Mail Armor
44:13 Banking
45:25 Bloodlines
45:16 Husbandry
44:37 Light Cavalry
44:38 Heavy Camel Rider
45:44 Hussar
54:18 Chain Mail Armor
57:42 Bimaristan
57:42 Bimaristan
58:50 Plate Mail Armor
59:02 Thumb Ring
58:17 Crossbowman
58:23 Elite Skirmisher
58:46 Arbalester
60:04 Devotion
61:14 Ballistics
61:26 Siege Engineers
61:07 Arrowslits
64:14 Onager
67:13 Siege Onager
67:27 Capped Ram
68:55 Siege Ram
71:37 Guard Tower
Connection lost

Rejoining the realm…

Still unreachable

The connection could not be restored.

Session expired

The server has moved on; the page needs a fresh start.